 Dungeon Crawl Stone Soup version 0.15-a0-1909-gd9acbb9 (webtiles) character file.

127 Kenran the Cudgeler (level 5, -13/32 HPs)
             Began as a Gargoyle Fighter on July 6, 2014.
             Mangled by an ogre
             ... wielding a +0 giant club
              (14 damage)
             ... on Level 3 of the Dungeon.
             The game lasted 00:05:02 (2411 turns).

Kenran the Cudgeler (Gargoyle Fighter)              Turns: 2411, Time: 00:05:02

HP -13/32        AC 15     Str 19      XL: 5   Next: 11%
MP   5/5         EV  3     Int  9      God:
Gold 55          SH  9     Dex 10      Spells:  0 memorised,  4 levels left

rFire  . . .     SeeInvis .     a - +0 flail
rCold  . . .     Clarity  .     i - +0 plate armour
rNeg   + . .     rCorr    .     c - +0 shield
rPois  +         rRot     +     (no helmet)
rElec  +         Spirit   .     (no cloak)
SustAb .         Warding  .     (no gloves)
rMut   .         Stasis   .     (no boots)
Gourm  .                        (no amulet)
MR     .....                    (no ring)
                                (no ring)

@: not resistant to hostile enchantments, extremely unstealthy
A: negative energy resistance 1, electricity resistance, unbreathing,
petrification resistance, rot immunity, AC +4
a: no special abilities


You were on level 3 of the Dungeon.
You were not hungry.

You visited 1 branch of the dungeon, and saw 3 of its levels.

You collected 55 gold pieces.

Inventory:

Hand weapons
 a - a +0 flail (weapon)
Armour
 c - a +0 shield (worn)
 i - a +0 plate armour (worn)
Comestibles
 d - 4 bread rations
Scrolls
 b - a scroll of remove curse
 j - a scroll of identify
Potions
 e - a potion of might
 f - a potion of brilliance
 g - a potion of curing {unknown}
 h - a potion of magic {unknown}
 l - a potion of heal wounds {unknown}


   Skills:
 - Level 3.2 Fighting
 + Level 5.1 Maces & Flails
 - Level 3.2 Armour
 - Level 3.2 Shields


You had 4 spell levels left.
You didn't know any spells.

Dungeon Overview and Level Annotations

Branches:
Dungeon (3/15)

Altars:
Dithmenos
Yredelemnul


Innate Abilities, Weirdness & Mutations

You are resistant to torment.
You are immune to poison.
Your stone body is very resilient (AC +4).
You resist negative energy.
You are resistant to electric shocks.
You can survive without breathing.
You are immune to petrification.
You are immune to rotting.


Message History

The ogre shouts!
Found a scroll labeled ENKEUS JUVVON.
Found a stone staircase leading up.
A kobold comes into view. It is wielding a dagger.
The kobold shouts!
Your shield and plate armour prevent you from hitting the ogre.
The ogre hits you with a giant club!
You hit the ogre.
The ogre is lightly wounded.
The ogre hits you with a giant club!
* * * LOW HITPOINT WARNING * * *
You hit the ogre.
The ogre is moderately wounded.
The ogre hits you with a giant club!
* * * LOW HITPOINT WARNING * * *
Drink which item? (? for menu, Esc to quit)
Okay, then.
You thump the ogre!
The ogre is heavily wounded.
The ogre hits you with a giant club!
You die...

#.#..###. . ##........
......... ###.........
####........<..
###......########
#........K# ..###+###O#
#@###### ##......####
+.._###.........#####
##.###.(.......#...####
#.........#.......
#.###..###........
...########...%)...
................)..
..#########........


You could see an ogre and a kobold.

Vanquished Creatures
  4 adders (D:2)
  A giant mite (D:2)
  2 worms (D:2)
  A giant gecko (D:3)
  An ooze (D:1)
  3 orcs
  3 giant cockroaches
  8 hobgoblins
  9 jackals
  12 kobolds
  3 bats
  A giant newt (D:2)
  7 goblins
  9 rats
  A rat zombie (D:3)
65 creatures vanquished.

Notes
Turn   | Place    | Note
--------------------------------------------------------------
     0 | D:1      | Kenran, the Gargoyle Fighter, began the quest for the Orb.
     0 | D:1      | Reached XP level 1. HP: 14/14 MP: 1/1
    33 | D:1      | Reached XP level 2. HP: 17/19 MP: 2/2
   585 | D:1      | Reached XP level 3. HP: 21/23 MP: 3/3
  1163 | D:2      | Reached skill level 4 in Maces & Flails
  1344 | D:2      | Found a shadowy altar of Dithmenos.
  1428 | D:2      | Reached XP level 4. HP: 28/28 MP: 4/4
  2091 | D:2      | Reached skill level 5 in Maces & Flails
  2180 | D:3      | Reached XP level 5. HP: 27/32 MP: 5/5
  2394 | D:3      | Found a basalt altar of Yredelemnul.
  2400 | D:3      | Noticed an ogre
  2410 | D:3      | HP: 1/32 [ogre/giant club (7)]
  2411 | D:3      | Mangled by an ogre

Action                   |  1- 3 |  4- 6 || total
-------------------------+-------+-------++-------
Melee: Flail             |   140 |   132 ||   272
  Use: Scroll            |     3 |     3 ||     6
  Eat: Beef jerky        |     1 |       ||     1
       Meat ration       |       |     1 ||     1
       Chunk             |       |     1 ||     1
